 Dungeon Sprint DCSS version bcrawl-1.21.2-1-g32d02e0829 (webtiles) character file.

Game seed: 14916979606647108214

456053 Groucho the Invulnerable (level 22, -8/169 HPs)
             Began as a Gargoyle Fighter on Feb 19, 2020.
             Was the Champion of Cheibriados.
             Killed by divine providence
             ... invoked by a greater mummy
              (14 damage)
             ... in the Dungeon (Sprint IX: "|||||||||||||||||||||||||||||").
             The game lasted 00:45:40 (15153 turns).

Groucho the Invulnerable (Gargoyle Fighter)        Turns: 15153, Time: 00:45:41

Health: -8/169     AC: 65    Str: 44    XL:     22   Next: 22%
Magic:  39/39      EV: 34    Int: 22    God:    Cheibriados [******]
Gold:   1727       SH: 40    Dex: 31    Spells: 21/21 levels left

rFire    + . .     SeeInvis .   G - +5 demon whip (elec)
rCold    + + .     Gourm    .   z - +5 large shield
rNeg     + + .     Faith    .   I - +8 gold dragon scales
rPois    ∞         Spirit   .   c - +2 helmet
rElec    +         Reflect  +   q - +1 cloak {+Inv}
rCorr    .         Harm     .   E - +1 pair of gloves
MR       +++..     NoTele   +   w - +1 pair of boots
Stlth    ..........             g - amulet of Niguapo {Reflect rElec rPois Str+6 Int-5 SH+3}
HPRegen  0.38/turn              p - ring of Enaxoul {rN+ MR++ Str+3}
MPRegen  0.26/turn              A - ring of protection from cold

@: very slightly contaminated, very slow
A: big wings, hooves 1, negative energy resistance 1, screaming 2, electricity
resistance, unbreathing, petrification resistance, rot immunity, AC +16
}: 7/17 runes: decaying, serpentine, barnacled, slimy, elven, silver, gossamer
a: Fly, Bend Time, Temporal Distortion, Slouch, Step From Time, Renounce
Religion, Evoke Invisibility


You were in the Dungeon.
You worshipped Cheibriados.
Cheibriados was exalted by your worship.
You were not hungry.

You visited 1 branch You collected 1922 gold pieces.
You spent 195 gold pieces at shops.

Inventory:

Hand Weapons
 b - the +7 mace of Variability {chain chaos}
   (You found it in the Dungeon)

   Each time it hits an enemy it has a different, random effect.
   Cheibriados disapproves of the use of such an item.
 n - the +2 dire flail "Qoumonar" {crush, *Slow Str+7}
   (You found it in the Dungeon)

   It inflicts extra damage upon your enemies.
   It affects your strength (+7).
   It may slow you when you take damage.
 G - a +5 demon whip of electrocution (weapon)
Missiles
 D - 779 javelins
 F - a throwing net {!f}
 H - 274 javelins of penetration (quivered)
Armour
 c - a +2 helmet (worn)
 q - a +1 cloak of invisibility (worn)
 w - a +1 pair of boots (worn)
 z - a +5 large shield (worn)
 E - a +1 pair of gloves (worn)
 I - +8 gold dragon scales (worn)
Jewellery
 a - the ring "Amavutipp" {Str+5 Slay+3}
   (You found it in the Dungeon)

   [ring of slaying]

   It affects your strength (+5).
   It affects your accuracy and damage with ranged weapons and melee attacks
   (+3).
 g - the amulet of Niguapo (around neck) {Reflect rElec rPois Str+6 Int-5 SH+3}
   (You found it in the Dungeon)

   [amulet of reflection]

   It shields you and reflects attacks.
   It affects your strength (+6).
   It affects your intelligence (-5).
   It insulates you from electricity.
   It protects you from poison.
   It affects your SH (+3).
 p - the ring of Enaxoul (left hand) {rN+ MR++ Str+3}
   (You found it in the Dungeon)

   [ring of strength]

   It affects your strength (+3).
   It protects you from negative energy.
   It affects your resistance to hostile enchantments.
 A - a ring of protection from cold (right hand)
 B - an uncursed ring of protection from fire
Wands
 m - a wand of iceblast (10)
Scrolls
 j - 7 scrolls of remove curse
 k - 3 scrolls of blinking
 l - 4 scrolls of amnesia
 o - 3 scrolls of identify
 t - a scroll of immolation
 u - 3 scrolls of fear
 v - 6 scrolls of enchant weapon
 y - 3 scrolls of fog
Potions
 d - 2 potions of might
 f - a potion of invisibility
 h - 5 potions of curing
 i - 3 potions of magic
 s - 4 potions of mutation
 x - 2 potions of agility
 C - 2 potions of brilliance
Miscellaneous
 J - a phial of floods
Comestibles
 e - 4 rations {!d}


   Skills:
 O Level 27 Fighting
 O Level 27 Maces & Flails
 O Level 27 Throwing
 O Level 27 Armour
 O Level 27 Dodging
 O Level 27 Shields
 O Level 27 Invocations
 + Level 25.3 Evocations


You had 21 spell levels left.
You didn't know any spells.
Your spell library contained the following spells:

 Spells                   Type           Power        Failure   Level  Hunger
 Corona                   Hex            #......      47%         1    ##.....
 Poisonous Vapours        Pois/Air       #.....       63%         2    ###....
 Shackle                  Hex            #.......     63%         2    ###....
 Confuse                  Hex            #.......     85%         3    ####...
 Conjure Flame            Conj/Fire      #.......     85%         3    ####...
 Dazzling Spray           Conj/Hex       #.....       85%         3    ####...
 False Image              Hex/Summ       #.......     85%         3    ####...
 Inner Flame              Hex/Fire       N/A          85%         3    ####...
 Mephitic Cloud           Conj/Pois/Air  #.......     85%         3    ####...
 Cause Fear               Hex            #.........   99%         4    #####..
 Petrify                  Tmut/Erth      #.......     99%         4    #####..
 Yara's Violent Unravell  Hex/Tmut       #.........   99%         4    #####..
 Metabolic Englaciation   Hex/Ice        #.........   100%        5    ######.
 Silence                  Hex/Air        #.........   100%        5    ######.
 Summon Lightning Spire   Summ/Air       #.......     100%        5    ######.
 Conjure Ball Lightning   Conj/Air       #.........   100%        6    #######
 Deflect Missiles         Chrm/Air       #.........   100%        6    #######
 Freezing Cloud           Ice/Air        #.........   100%        6    #######
 Steam Barrier            Chrm/Fire      #.........   100%        6    #######
 Mana Rupture             Conj/Hex       #.........   100%        7    #######
 Tornado                  Air            #.........   100%        9    #######


Dungeon Overview and Level Annotations

Branches:
Dungeon (1/1)

Altars:
Cheibriados
Dithmenos
Elyvilon
Fedhas
Gozag
Hepliaklqana
Kikubaaqudgha
Lugonu
Makhleb
Nemelex Xobeh
Okawaru
Qazlal
Ru
Sif Muna
Trog
Uskayaw
Vehumet
Wu Jian
Xom
Yredelemnul
Zin
The Shining One
Beogh
Jiyva

Shops:
D *}}[


Innate Abilities, Weirdness & Mutations

You are resistant to torment.
Your stone body is resilient. (AC +16)
You are immune to poison.
Your large and strong wings let you fly indefinitely.
You resist negative energy. (rN+)
You are resistant to electric shocks. (rElec)
You can survive without breathing.
You are immune to petrification.
You are immune to rotting.
You have large cloven feet.
You sometimes yell uncontrollably at your foes.


Message History

As you read the scroll of blinking, it crumbles to dust.
You whack the sixfirhy!
The sixfirhy is severely wounded.
You block the sixfirhy's attack. x2
You completely miss the sixfirhy.
The sixfirhy is heavily wounded.
You block the sixfirhy's attack. x3
You miss the sixfirhy.
The sixfirhy is heavily wounded.
You block the sixfirhy's attack. x2; The sixfirhy closely misses you.
You punish the sixfirhy, causing immense pain!!!
You kill the sixfirhy!
You feel yourself speed up.
The greater mummy mumbles some strange words.
The greater mummy casts a spell at you. Something smites you!
* * * LOW HITPOINT WARNING * * *
The greater mummy points at you and mumbles some strange words.
Something smites you!
You die...

▓▓▓▓▓▓▓▓▓▓▓▓▓▓▓▓▓▓▓▓▓▓▓▓▓▓
......'.sM.4....@..'.....▓
▓▓▓▓▓▓▓▓▓▓▓▓▓▓▓▓▓▓▓▓▓▓▓▓.▓
.........................▓
♣♣♣♣♣♣♣♣♣♣▓▓▓▓▓▓▓▓▓▓▓▓▓▓▓▓
...))..)))....)).).))'...▓
♣♣♣♣♣♣♣♣♣♣▓▓▓▓▓▓▓▓▓▓▓▓▓▓.▓
.........................▓
▓▓▓▓▓▓▓▓▓▓▓▓▓▓▓▓▓▓▓▓▓▓▓▓▓▓
.)[)†..........'.........▓


You could see a greater mummy and an orange demon.

Vanquished Creatures
  the Royal Jelly (D)
  3 orbs of fire (D)
  Mennas (D)
  7 ancient liches (D)
  4 golden dragons (D)
  Sojobo (D)
  Margery (D)
  Jory (D)
  A bone dragon (D)
  An electric golem (D)
  28 Orb Guardians (D)
  Rupert (D)
  7 tentacled monstrosities (D)
  3 deep elf master archers (D)
  A deep elf blademaster (D)
  6 quicksilver dragons (D)
  10 acid blobs (D)
  13 sphinxes (D)
  A tengu reaver (D)
  Agnes (D)
  3 death cobs (D)
  Frances (D)
  2 storm dragons (D)
  4 nagarajas (D)
  Ilsuiw (D)
  8 azure jellies (D)
  3 frost giants (D)
  8 shadow dragons (D)
  2 draconian scorchers (D)
  Louise (D)
  2 deep elf sorcerers (D)
  4 vault wardens (D)
  4 emperor scorpions (D)
  3 draconian stormcallers (D)
  A draconian shifter (D)
  Aizul (D)
  An ironheart preserver (D)
  A draconian annihilator (D)
  5 stone giants (D)
  8 vampire knights (D)
  3 very ugly things (D)
  2 green draconians (D)
  2 deep elf annihilators (D)
  4 yellow draconians (D)
  A black draconian (D)
  2 deep elf demonologists (D)
  3 purple draconians (D)
  A red draconian (D)
  4 white draconians (D)
  6 ettins (D)
  8 death oozes (D)
  3 mummy priests (D)
  A fire dragon (D)
  3 merfolk javelineers (D)
  Erolcha (D)
  3 merfolk impalers (D)
  3 deep elf high priests (D)
  A yaktaur captain (D)
  4 rakshasas (D)
  4 great orbs of eyes (D)
  7 ice dragons (D)
  3 naga warriors (D)
  8 hydras (D)
  25 vault guards (D)
  2 merfolk avatars (D)
  2 merfolk aquamancers (D)
  2 death knights (D)
  4 ogre magi (D)
  4 two-headed ogres (D)
  An orc high priest (D)
  2 tengu warriors (D)
  A death yak (D)
  A naga sharpshooter (D)
  A shock serpent (D)
  A deep troll (shapeshifter) (D)
  A shadow wraith (D)
  An ironbrand convoker (D)
  3 hell knights (D)
  A flayed ghost (D)
  5 swamp dragons (D)
  2 wizards (D)
  A deep elf archer (D)
  An orc knight (D)
  3 harpies (D)
  A cyclops (D)
  2 necromancers (D)
  2 ugly things (D)
  2 deep elf magi (D)
  2 manticores (D)
  4 wolf spiders (D)
  A salamander (D)
  14 moths of wrath (D)
  A water nymph (D)
  5 black mambas (D)
  An eye of devastation (shapeshifter) (D)
  3 merfolk sirens (D)
  7 vault sentinels (D)
  A guardian serpent (D)
  3 naga magi (D)
  5 cane toads (D)
  2 yaktaurs (D)
  A demonic crawler (D)
  12 guardian mummies (D)
  2 merfolk (D)
  6 tyrant leeches (D)
  A tengu conjurer (D)
  6 jumping spiders (D)
  A wind drake (D)
  A snapping turtle (D)
  A hornet (D)
  A bog body (D)
  4 blink frogs (D)
  A slime creature (D)
  5 hippogriffs (D)
  5 redbacks (D)
  A spriggan (shapeshifter) (D)
  A shadow (D)
  12 spriggans (D)
  A yak (D)
  2 golden eyes (D)
  2 vampire mosquitoes (D)
  3 nagas (D)
  A soldier ant (D)
  3 porcupines (D)
  2 acid dragons (D)
  2 crocodiles (D)
  A water moccasin (D)
  A floating eye (D)
  3 swamp drakes (D)
  10 orc warriors (D)
  A sky beast (D)
  5 ogres (D)
  2 boggarts (D)
  A centaur (D)
  A bullfrog (D)
  A wight (D)
  4 crimson imps (D)
  3 orc wizards (D)
  An orc priest (D)
  A leopard gecko (D)
  12 orcs (D)
  2 bat simulacra (D)
  A bat zombie (D)
  A hobgoblin (D)
  A ball python zombie (D)
  A bat (D)
  A kobold (D)
  A leopard gecko skeleton (D)
  2 quokka zombies (D)
  A rat (D)
487 creatures vanquished.

Vanquished Creatures (others)
  A deep elf master archer (D)
  A merfolk aquamancer (D)
  A naga mage (D)
3 creatures vanquished.

Grand Total: 490 creatures vanquished

Notes
Turn   | Place    | Note
-------+----------+-------------------------------------------
     0 | D        | Groucho the Gargoyle Fighter began the quest for the Orb.
     0 | D        | Reached XP level 1. HP: 14/14 MP: 1/1
   349 | D        | Noticed a crimson imp
   349 | D        | Noticed a crocodile
   349 | D        | Noticed a crimson imp
   360 | D        | Killed a crocodile
   360 | D        | Reached skill level 5 in Maces & Flails
   360 | D        | Reached XP level 2. HP: 6/22 MP: 2/2
   360 | D        | Reached XP level 3. HP: 7/27 MP: 3/3
   360 | D        | Reached XP level 4. HP: 8/32 MP: 4/4
   361 | D        | Reached XP level 5. HP: 10/37 MP: 5/5
   377 | D        | Found a roughly hewn altar of Beogh.
   377 | D        | Found a snail-covered altar of Cheibriados.
   377 | D        | Found a shadowy altar of Dithmenos.
   377 | D        | Found a white marble altar of Elyvilon.
   377 | D        | Found a blossoming altar of Fedhas.
   377 | D        | Found an opulent altar of Gozag.
   378 | D        | Found a hazy altar of Hepliaklqana.
   381 | D        | Found a viscous altar of Jiyva.
   382 | D        | Found an ancient bone altar of Kikubaaqudgha.
   383 | D        | Became a worshipper of Cheibriados the Contemplative
   384 | D        | Found a corrupted altar of Lugonu.
   385 | D        | Found a burning altar of Makhleb.
   386 | D        | Found a sparkling altar of Nemelex Xobeh.
   387 | D        | Found an iron altar of Okawaru.
   388 | D        | Found a stormy altar of Qazlal.
   389 | D        | Found a sacrificial altar of Ru.
   390 | D        | Found a shimmering blue altar of Sif Muna.
   391 | D        | Found a bloodstained altar of Trog.
   392 | D        | Found a hide-covered altar of Uskayaw.
   393 | D        | Found a radiant altar of Vehumet.
   394 | D        | Found an ornate altar of the Wu Jian Council.
   395 | D        | Found a shimmering altar of Xom.
   396 | D        | Found a basalt altar of Yredelemnul.
   397 | D        | Found a glowing silver altar of Zin.
   398 | D        | Found a glowing golden altar of the Shining One.
   415 | D        | Got the +2 dire flail "Qoumonar" {crush, *Slow Str+7}
   766 | D        | Noticed a sky beast
   768 | D        | Reached skill level 1 in Dodging
   768 | D        | Reached skill level 1 in Invocations
   773 | D        | Reached * piety under Cheibriados
   775 | D        | Reached XP level 6. HP: 44/44 MP: 5/7
   786 | D        | Killed a sky beast
   786 | D        | Reached ** piety under Cheibriados
   799 | D        | Noticed a hippogriff
   799 | D        | Noticed a deep elf mage
   800 | D        | Reached *** piety under Cheibriados
   806 | D        | Killed a deep elf mage
   806 | D        | Reached XP level 7. HP: 49/49 MP: 8/11
   809 | D        | Killed a hippogriff
   809 | D        | Reached **** piety under Cheibriados
   809 | D        | Reached XP level 8. HP: 55/55 MP: 8/12
   932 | D        | Got the +3 flail "Enid" {speed, rN+ MP+9 Int-3 SInv}
   946 | D        | Noticed a cane toad
   946 | D        | Noticed a blink frog
   946 | D        | Noticed a hippogriff
   946 | D        | Noticed a hippogriff
   948 | D        | Killed a hippogriff
   948 | D        | Reached ***** piety under Cheibriados
   948 | D        | Reached skill level 5 in Dodging
   950 | D        | Noticed a hippogriff
   952 | D        | Killed a hippogriff
   952 | D        | Reached skill level 10 in Armour
   959 | D        | Killed a blink frog
   959 | D        | Reached ****** piety under Cheibriados
   959 | D        | Reached XP level 9. HP: 33/60 MP: 14/14
   960 | D        | Killed a cane toad
   965 | D        | Reached skill level 10 in Maces & Flails
  1185 | D        | Noticed a cane toad
  1185 | D        | Noticed a black mamba
  1185 | D        | Noticed a cane toad
  1187 | D        | Noticed a death yak
  1191 | D        | Killed a black mamba
  1194 | D        | Killed a cane toad
  1194 | D        | Reached XP level 10. HP: 25/68 MP: 10/17
  1197 | D        | Killed a cane toad
  1197 | D        | Reached skill level 10 in Invocations
  1197 | D        | Reached skill level 10 in Fighting
  1197 | D        | Reached skill level 10 in Shields
  1199 | D        | Killed a death yak
  1582 | D        | Noticed a cane toad
  1584 | D        | Killed a cane toad
  2153 | D        | Noticed Erolcha
  2168 | D        | Killed Erolcha
  2168 | D        | Reached XP level 11. HP: 70/73 MP: 19/19
  2305 | D        | Noticed an orc high priest
  2321 | D        | Killed an orc high priest
  2344 | D        | Noticed an orc knight
  2358 | D        | Killed an orc knight
  2690 | D        | Found Jozyn's Antique Armour Boutique.
  2690 | D        | Noticed an ogre mage
  2690 | D        | Noticed a two-headed ogre
  2690 | D        | Noticed a two-headed ogre
  2697 | D        | Killed a two-headed ogre
  2705 | D        | Noticed an ogre mage
  2706 | D        | Killed a two-headed ogre
  2706 | D        | Reached skill level 10 in Dodging
  2707 | D        | Found Lyempama's Gadget Shop.
  2708 | D        | Noticed a two-headed ogre
  2713 | D        | Killed an ogre mage
  2719 | D        | Found Ihacroz's Gadget Boutique.
  2726 | D        | Killed an ogre mage
  2734 | D        | Killed a two-headed ogre
  2739 | D        | Found Unluowew's Assorted Antiques.
  2892 | D        | Noticed a two-headed ogre
  2892 | D        | Noticed an ogre mage
  2894 | D        | Noticed an ogre mage
  2898 | D        | Killed a two-headed ogre
  2898 | D        | Reached XP level 12. HP: 79/81 MP: 20/22
  2902 | D        | Paralysed by an ogre mage for 3 turns
  2906 | D        | Killed an ogre mage
  2909 | D        | Killed an ogre mage
  2909 | D        | Reached skill level 15 in Armour
  2955 | D        | Bought a glowing cloak for 195 gold pieces
  3064 | D        | Found the +7 mace of Variability {chain chaos}
  3150 | D        | Noticed a great orb of eyes
  3167 | D        | Noticed a rakshasa
  3176 | D        | Killed a great orb of eyes
  3199 | D        | Noticed a frost giant
  3199 | D        | Noticed a great orb of eyes
  3202 | D        | Noticed a tengu warrior
  3205 | D        | Killed a rakshasa
  3208 | D        | Noticed an ettin
  3211 | D        | Killed a tengu warrior
  3212 | D        | Killed a great orb of eyes
  3217 | D        | Killed a frost giant
  3241 | D        | Killed an ettin
  3682 | D        | Noticed Agnes
  3715 | D        | Killed Agnes
  3715 | D        | Reached skill level 15 in Maces & Flails
  3715 | D        | Reached skill level 15 in Invocations
  3715 | D        | Reached XP level 13. HP: 34/87 MP: 24/24
  5165 | D        | Noticed a frost giant
  5165 | D        | Noticed a red very ugly thing
  5165 | D        | Noticed a fire dragon
  5166 | D        | Noticed a rakshasa
  5170 | D        | Killed a red very ugly thing
  5170 | D        | Killed a rakshasa
  5173 | D        | Killed a fire dragon
  5173 | D        | Gained mutation: Your large and strong wings let you fly
                  | indefinitely. [Gargoyle growth]
  5173 | D        | Reached XP level 14. HP: 82/96 MP: 6/26
  5179 | D        | Killed a frost giant
  5180 | D        | Noticed a stone giant
  5180 | D        | Noticed a tengu reaver
  5200 | D        | Noticed a stone giant
  5204 | D        | Killed a stone giant
  5209 | D        | Killed a tengu reaver
  5224 | D        | Killed a stone giant
  5622 | D        | Noticed a green very ugly thing
  5622 | D        | Noticed a vault warden
  5640 | D        | Killed a vault warden
  5650 | D        | Killed a green very ugly thing
  5659 | D        | Noticed a vault warden
  5678 | D        | Reached skill level 15 in Fighting
  5686 | D        | Reached skill level 15 in Shields
  5700 | D        | Killed a vault warden
  5726 | D        | Reached skill level 15 in Dodging
  5931 | D        | Noticed Rupert
  5959 | D        | Killed Rupert
  6176 | D        | Noticed Margery
  6179 | D        | Reached XP level 15. HP: 103/103 MP: 28/28
  6180 | D        | Noticed Jory
  6196 | D        | Killed Jory
  6203 | D        | Killed Margery
  6766 | D        | Noticed a nagaraja
  6766 | D        | Noticed a nagaraja
  6766 | D        | Noticed a nagaraja
  6767 | D        | Noticed a nagaraja
  6772 | D        | Killed a nagaraja
  6772 | D        | Killed a nagaraja
  6773 | D        | Killed a nagaraja
  6778 | D        | Killed a nagaraja
  6833 | D        | Got a serpentine rune of Zot
  7218 | D        | Got a decaying rune of Zot
  7251 | D        | Noticed an emperor scorpion
  7251 | D        | Noticed an emperor scorpion
  7251 | D        | Noticed an emperor scorpion
  7271 | D        | Noticed an emperor scorpion
  7276 | D        | Killed an emperor scorpion
  7295 | D        | Killed an emperor scorpion
  7317 | D        | Killed an emperor scorpion
  7339 | D        | Killed an emperor scorpion
  7339 | D        | Reached XP level 16. HP: 66/112 MP: 30/30
  7375 | D        | Got a gossamer rune of Zot
  7395 | D        | Noticed Ilsuiw
  7434 | D        | Killed Ilsuiw
  7434 | D        | Reached skill level 1 in Throwing
  7501 | D        | Got a barnacled rune of Zot
  7604 | D        | Noticed Mennas
  7644 | D        | Noticed Aizul
  7757 | D        | Noticed Louise
  7773 | D        | Killed Mennas
  7773 | D        | Reached skill level 5 in Throwing
  7781 | D        | Killed Aizul
  7802 | D        | Killed Louise
  8199 | D        | Noticed Frances
  8211 | D        | Killed Frances
  8840 | D        | Noticed a golden dragon
  8840 | D        | Noticed a sphinx
  8845 | D        | Noticed a frost giant
  8847 | D        | Reached XP level 17. HP: 107/120 MP: 32/32
  8852 | D        | Reached skill level 10 in Throwing
  8852 | D        | Killed a sphinx
  8871 | D        | Killed a golden dragon
  9263 | D        | Noticed a golden dragon
  9278 | D        | Noticed a quicksilver dragon
  9292 | D        | Killed a golden dragon
  9299 | D        | Killed a quicksilver dragon
  9315 | D        | Got a silver rune of Zot
  9625 | D        | Got the ring "Amavutipp" {Str+5 Slay+3}
  9629 | D        | Got the amulet "Copoz" {RegenMP MR- Str+4}
  9632 | D        | Got the amulet of Niguapo {Reflect rElec rPois Str+6 Int-5
                  | SH+3}
  9635 | D        | Got the ring of Enaxoul {rN+ MR++ Str+3}
  9638 | D        | Got the ring "Mutal" {MR+ Str+4 Stlth+}
  9649 | D        | Got the +5 great sword "Coumnic" {slice, +Rage Int+2}
  9652 | D        | Got the +5 executioner's axe "Jupput" {chop, MP-9 Str+7}
  9655 | D        | Got the +5 bardiche "Jyddautuah" {freeze, rF+ Str-5 Dex+9
                  | Stlth+}
  9856 | D        | Noticed Sojobo
  9902 | D        | Killed Sojobo
 10309 | D        | Noticed a tentacled monstrosity
 10310 | D        | Noticed a tentacled monstrosity
 10327 | D        | Killed a tentacled monstrosity
 10335 | D        | Killed a tentacled monstrosity
 10335 | D        | Reached XP level 18. HP: 128/129 MP: 14/34
 10616 | D        | Noticed a bone dragon
 10645 | D        | Killed a bone dragon
 10666 | D        | Reached skill level 15 in Throwing
 10869 | D        | Noticed a tentacled monstrosity
 10869 | D        | Noticed a golden dragon
 10869 | D        | Noticed a tentacled monstrosity
 10874 | D        | Noticed a quicksilver dragon
 10876 | D        | Killed a tentacled monstrosity
 10897 | D        | Killed a golden dragon
 10897 | D        | Killed a quicksilver dragon
 10902 | D        | Killed a tentacled monstrosity
 11301 | D        | Noticed a quicksilver dragon
 11301 | D        | Noticed a quicksilver dragon
 11307 | D        | Killed a quicksilver dragon
 11334 | D        | Killed a quicksilver dragon
 11338 | D        | Reached skill level 27 in Armour
 11405 | D        | Noticed a tentacled monstrosity
 11428 | D        | Killed a tentacled monstrosity
 11459 | D        | Reached skill level 27 in Invocations
 11809 | D        | Noticed an Orb Guardian
 11809 | D        | Noticed an Orb Guardian
 11809 | D        | Noticed an Orb Guardian
 11809 | D        | Noticed an Orb Guardian
 11809 | D        | Noticed an Orb Guardian
 11809 | D        | Noticed an Orb Guardian
 11822 | D        | Killed an Orb Guardian
 11822 | D        | Reached XP level 19. HP: 139/139 MP: 36/36
 11829 | D        | Killed an Orb Guardian
 11832 | D        | Killed an Orb Guardian
 11837 | D        | Killed an Orb Guardian
 11838 | D        | Noticed an Orb Guardian
 11842 | D        | Killed an Orb Guardian
 11849 | D        | Killed an Orb Guardian
 11850 | D        | Noticed an Orb Guardian
 11862 | D        | Killed an Orb Guardian
 11868 | D        | Killed an Orb Guardian
 11869 | D        | Noticed an Orb Guardian
 11870 | D        | Noticed an Orb Guardian
 11878 | D        | Killed an Orb Guardian
 11887 | D        | Killed an Orb Guardian
 11994 | D        | Noticed an Orb Guardian
 11994 | D        | Noticed an Orb Guardian
 11998 | D        | Noticed an Orb Guardian
 12001 | D        | Noticed an Orb Guardian
 12016 | D        | Killed an Orb Guardian
 12022 | D        | Killed an Orb Guardian
 12043 | D        | Killed an Orb Guardian
 12050 | D        | Killed an Orb Guardian
 12072 | D        | Noticed an ancient lich
 12082 | D        | Noticed an orb of fire
 12086 | D        | Killed an ancient lich
 12092 | D        | Gained mutation: You have large cloven feet. [an orb of
                  | fire]
 12093 | D        | Gained mutation: You occasionally shout uncontrollably at
                  | your foes. [an orb of fire]
 12097 | D        | Killed an orb of fire
 12440 | D        | Noticed an electric golem
 12456 | D        | Killed an electric golem
 12659 | D        | Noticed an Orb Guardian
 12659 | D        | Noticed an ancient lich
 12659 | D        | Noticed an ancient lich
 12660 | D        | Noticed an ancient lich
 12660 | D        | Paralysed by an ancient lich for 2 turns
 12661 | D        | Noticed an orb of fire
 12663 | D        | Noticed a tentacled monstrosity
 12663 | D        | Noticed a Shadow Fiend
 12663 | D        | Killed an ancient lich
 12664 | D        | Killed an orb of fire
 12664 | D        | Reached XP level 20. HP: 154/154 MP: 21/37
 12666 | D        | Killed an ancient lich
 12666 | D        | Killed an ancient lich
 12689 | D        | Noticed a golden dragon
 12708 | D        | Killed a golden dragon
 12726 | D        | Reached skill level 27 in Fighting
 12726 | D        | Reached skill level 27 in Shields
 12730 | D        | Noticed an orb of fire
 12730 | D        | Gained mutation: You sometimes yell uncontrollably at your
                  | foes. [an orb of fire]
 12744 | D        | Killed an orb of fire
 13210 | D        | Reached skill level 27 in Dodging
 13325 | D        | Noticed an ancient lich
 13325 | D        | Noticed an ancient lich
 13328 | D        | Reached skill level 27 in Throwing
 13329 | D        | Killed an ancient lich
 13329 | D        | Reached XP level 21. HP: 163/163 MP: 38/38
 13330 | D        | Killed an ancient lich
 13332 | D        | Noticed an ancient lich
 13338 | D        | Reached skill level 10 in Evocations
 13339 | D        | Killed an ancient lich
 13701 | D        | Reached skill level 15 in Evocations
 13717 | D        | Got an elven rune of Zot
 13738 | D        | Noticed the Royal Jelly
 13745 | D        | Killed the Royal Jelly
 13760 | D        | Reached skill level 27 in Maces & Flails
 13771 | D        | Got a slimy rune of Zot
 14709 | D        | Reached XP level 22. HP: 163/169 MP: 39/39
 15122 | D        | Noticed a greater mummy
 15153 | D        | HP: 6/169 [greater mummy/divine providence (14)]
 15153 | D        | Killed from afar by a greater mummy

Skill      XL: |  1  2  3  4  5  6  7  8  9 10 11 12 13 14 15 16 17 18 19 20 21 22 |
---------------+-------------------------------------------------------------------+-----
Fighting       | 6 7 8 9 10 11 12 14 15 16 18 19 22 25 27 | 27.0
Maces & Flails | 5 6 8 9 10 12 13 15 16 18 20 21 27 | 27.0
Armour         | 6 7 9 10 11 13 14 16 17 19 21 23 25 27 | 27.0
Shields        | 6 7 8 9 10 11 12 14 15 16 18 19 22 25 27 | 27.0
Dodging        | 1 4 6 7 9 10 12 13 15 16 18 20 22 24 27 | 27.0
Invocations    | 2 6 7 9 11 13 15 16 18 21 23 25 27 | 27.0
Throwing       | 9 14 18 21 27 | 27.0
Evocations     | 6 22 25 | 25.3

Action                   |  1- 3 |  4- 6 |  7- 9 | 10-12 | 13-15 | 16-18 | 19-21 | 22-24 || total
-------------------------+-------+-------+-------+-------+-------+-------+-------+-------++-------
Melee: Flail             |    24 |    10 |       |       |       |       |       |       ||    34
       Dire flail        |       |    22 |    33 |    26 |       |       |       |       ||    81
       Whip              |       |       |       |   225 |   267 |       |       |       ||   492
       Demon whip        |       |       |       |       |   178 |   900 |   317 |    45 ||  1440
Throw: Javelin           |       |       |       |       |       |    15 |    67 |    11 ||    93
Invok: Slouch            |       |       |     2 |    15 |    43 |    28 |    12 |       ||   100
       Bend Time         |       |       |       |       |       |       |     1 |       ||     1
  Use: Potion            |     3 |     1 |       |     9 |     1 |     1 |     2 |       ||    17
       Scroll            |       |       |       |       |       |     8 |     1 |     2 ||    11
 Stab: Sleeping          |       |       |       |       |     1 |     2 |       |       ||     3
       Distracted        |       |       |       |       |     1 |       |       |       ||     1
  Eat: Chunk             |       |       |       |     2 |     2 |       |       |       ||     4
       Ration            |       |       |       |     2 |     3 |     4 |     1 |       ||    10
Armor: Scale mail        |     9 |     6 |       |       |       |       |       |       ||    15
       Ring mail         |       |    12 |    14 |    10 |       |       |       |       ||    36
       Plate armour      |       |       |       |    23 |    53 |       |       |       ||    76
       Shadow dragon sca |       |       |       |       |    73 |   112 |       |       ||   185
       Gold dragon scale |       |       |       |       |       |    61 |    34 |     4 ||    99
Dodge: Dodged            |     4 |     5 |    37 |    44 |   231 |   225 |    64 |    13 ||   623
Block: Shield            |    10 |     4 |       |    79 |   115 |       |       |       ||   208
       Large shield      |       |       |       |       |   309 |   784 |   241 |    65 ||  1399
       Reflection        |       |       |       |       |       |       |    11 |     1 ||    12
